 Dungeon Crawl Stone Soup version 0.20.1-1-g8b1a95d (webtiles) character file.

1370 Monsterracer the Insei (level 8, -6/64 HPs)
             Began as an Octopode Transmuter on Aug 5, 2017.
             Mangled by an iguana (14 damage)
             ... on level 5 of the Dungeon.
             The game lasted 00:16:37 (7181 turns).

Monsterracer the Insei (Octopode Transmuter)        Turns: 7181, Time: 00:16:37

Health: -6/64      AC:  6    Str: 10    XL:     8   Next: 65%
Magic:  8/11       EV: 10    Int: 17    God:
Gold:   200        SH:  0    Dex: 12    Spells: 2/11 levels left

rFire    x . .     SeeInvis .     - Unarmed
rCold    + + +     Gourm    .   (shield currently unavailable)
rNeg     . . .     Faith    .   (helmet currently unavailable)
rPois    +         Spirit   .   (no amulet)
rElec    .         Reflect  .   h - ring of protection from magic
rCorr    .         Harm     .   q - ring of protection from magic
MR       ++...                  (no ring)
Stlth    +.........             (no ring)
Regen    0.2/turn               (no ring)
MPRegen  0.2/turn               (no ring)
                                (no ring)
                                (no ring)

@: ice-form
A: almost no armour, stealthy swim, amphibious, 8 rings, (constrict 8)
a: End Transformation


You were on level 5 of the Dungeon.
You were near starving.
You were a creature of crystalline ice.
You visited 1 branch of the dungeon, and saw 6 of its levels.

You collected 200 gold pieces.

Inventory:

Missiles
 a - 77 arrows
Armour
 e - a +0 buckler
 u - a +0 hat (melded)
Jewellery
 h - a ring of protection from magic (left front paw)
 q - a ring of protection from magic (right front paw)
Wands
 t - a wand of clouds (9/9)
Scrolls
 g - 3 scrolls of remove curse
Potions
 f - a potion of cancellation {unknown}
 j - a potion of lignification
 l - a potion of invisibility {unknown}
 m - a potion of resistance
 n - 2 potions of might
 o - a potion of agility {unknown}
 p - 2 potions of mutation {unknown}
 r - 3 potions of haste
Books
 b - a book of Changes

   Spells                             Type                      Level
   a - Beastly Appendage              Transmutation                1
   b - Sticks to Snakes               Transmutation                2
   c - Spider Form                    Transmutation/Poison         3
   d - Ice Form                       Ice/Transmutation            4
   e - Blade Hands                    Transmutation                5
Comestibles
 c - 4 bread rations
 i - 2 royal jellies
 k - 5 meat rations


   Skills:
 + Level 3.8 Fighting
 + Level 2.1 Dodging
 * Level 7.7 Unarmed Combat
 - Level 2.0 Spellcasting
 + Level 5.7 Transmutations
 - Level 3.0 Ice Magic


You had 2 spell levels left.
You knew the following spells:

 Your Spells              Type           Power        Failure   Level  Hunger
a - Ice Form              Ice/Tmut       ###.....     32%         4    #####..
b - Sticks to Snakes      Tmut           ###.....     2%          2    ###....
c - Spider Form           Tmut/Pois      ##........   19%         3    ###....


Dungeon Overview and Level Annotations

Branches:
Dungeon (6/15)
 Temple: D:4-7

Altars:
Ashenzari

Annotations:
D:3 Dustman's ghost, amateur DsGl
D:6 polve's ghost, novice DrTm


Innate Abilities, Weirdness & Mutations

You cannot wear most types of armour.
You are very stealthy in the water. (Stealth+)
You are amphibious.
You can wear up to eight rings at the same time.
((You can use your tentacles to constrict eight enemies at once.))
((Your skin changes colour to match your surroundings (Stealth+).))
((Your rubbery body absorbs attacks. (AC +1, EV +1)))


Message History

Polve's ghost is moderately damaged.
Polve's ghost hits you.
* * * LOW HITPOINT WARNING * * *
The iguana bites you!
* * * LOW HITPOINT WARNING * * *
Huge Dmg: -24%(-15hp) hp: 30%(19hp) Polve's ghost hits you!
* * * LOW HITPOINT WARNING * * *
The iguana bites you!
* * * LOW HITPOINT WARNING * * *
You climb upwards.
There is a stone staircase leading down here.
Huge Dmg: -26%(-17hp) hp: 4%(2hp)
You feel much better. The iguana bites you!
* * * LOW HITPOINT WARNING * * *
You barely miss the iguana. The iguana bites you!
* * * LOW HITPOINT WARNING * * *
Huge Dmg: -16%(-10hp) hp: 13%(8hp)
You closely miss the iguana. The iguana bites you!
You die...

#.#.#...#.#.#.###.############
#.#.#.#.#.#.#.................
#.#.#'#'#'#'#.###.############
#.#...........# #.#.).........
#.#...........# #.#.##########
#.#...........# #.#.#
#.#..<........# #.#.#
####.#.........l.###.#.##########
.....#..........Y(...............
.#####.........#####.#...........
...#.....#...........############
.#.#.################## #
...............#......# #
.#.#.#########.#.####.# ########
.#.#.#########.#'####'## #.......
.#.#.##......#.........# #.......
.#.#.##......#.........# #.......


You could see an iguana.

Vanquished Creatures
  Duvessa (D:6)
  2 ogres
  A phantom (D:5)
  A bullfrog (D:6)
  Dowan (D:6)
  3 scorpions
  3 wights (D:6)
  2 crimson imps (D:6)
  4 hounds
  2 orc wizards (D:6)
  A centaur zombie (D:5)
  An orc priest (D:6)
  3 worker ants
  2 worker ant zombies (D:5)
  7 adders
  3 gnolls (D:3)
  An ooze (D:1)
  2 adder skeletons
  2 worms
  A dart slug (D:1)
  3 leopard geckos
  17 orcs
  7 bats
  5 giant cockroaches
  8 goblins
  8 hobgoblins
  15 jackals
  6 quokkas
  A ball python (D:2)
  4 frilled lizards
  6 kobolds
  8 rats
131 creatures vanquished.

Notes
Turn   | Place    | Note
-------+----------+-------------------------------------------
     0 | D:1      | Monsterracer the Octopode Transmuter began the quest for the Orb.
     0 | D:1      | Reached XP level 1. HP: 13/13 MP: 3/3
    80 | D:1      | Reached XP level 2. HP: 11/18 MP: 1/5
   207 | D:1      | Learned a level 2 spell: Sticks to Snakes
   669 | D:1      | Reached XP level 3. HP: 17/23 MP: 4/6
   674 | D:1      | Learned a level 3 spell: Spider Form
  1707 | D:3      | Reached XP level 4. HP: 19/28 MP: 5/7
  1717 | D:3      | HP: 14/28 [poisoned by an adder]
  1725 | D:3      | HP: 13/28 [poisoned by an adder]
  1850 | D:3      | Noticed Dustman's ghost (amateur DsGl)
  1968 | D:3      | Found a shattered altar of Ashenzari.
  1980 | D:3      | Reached skill level 4 in Unarmed Combat
  1986 | D:3      | HP: 13/28 [rat (2)]
  2620 | D:3      | Reached XP level 5. HP: 25/33 MP: 5/8
  3373 | D:4      | Reached skill level 5 in Unarmed Combat
  3373 | D:4      | Reached XP level 6. HP: 27/38 MP: 5/9
  3399 | D:4      | HP: 19/39 [poisoned by a scorpion]
  3406 | D:4      | HP: 17/39 [poisoned by a scorpion]
  3413 | D:4      | HP: 16/39 [poisoned by a scorpion]
  3421 | D:4      | HP: 15/39 [poisoned by a scorpion]
  3840 | D:4      | Learned a level 4 spell: Ice Form
  3842 | D:4      | HP: 19/39 [poisoned by an adder]
  4191 | D:4      | HP: 17/39 [ogre/giant club (22)]
  4689 | D:5      | Entered Level 5 of the Dungeon
  4745 | D:5      | Reached skill level 6 in Unarmed Combat
  4745 | D:5      | Reached XP level 7. HP: 45/45 MP: 6/10
  4760 | D:5      | HP: 22/45 [orc/trident (5)]
  5337 | D:5      | Reached skill level 5 in Transmutations
  5495 | D:5      | HP: 19/45 [phantom (8)]
  6154 | D:6      | Reached skill level 1 in Ice Magic
  6416 | D:6      | Reached XP level 8. HP: 51/52 MP: 7/11
  6484 | D:6      | Reached skill level 7 in Unarmed Combat
  6617 | D:6      | Noticed polve's ghost (novice DrTm)
  6716 | D:6      | Noticed Duvessa
  6721 | D:6      | Noticed Dowan
  6734 | D:6      | Killed Duvessa
  6735 | D:6      | Killed Dowan
  6739 | D:6      | HP: 30/64 [polve's ghost (9)]
  7176 | D:6      | HP: 29/64 [polve's ghost (5)]
  7177 | D:6      | HP: 8/64 [polve's ghost (11)]
  7177 | D:6      | HP: 1/64 [iguana (7)]
  7181 | D:5      | Mangled by an iguana

Skill      XL: |  1  2  3  4  5  6  7  8 |
---------------+-------------------------+-----
Transmutations | 3 4 5 |  5.7
Unarmed Combat | 4 5 6 7 |  7.7
Fighting       | 2 3 |  3.8
Ice Magic      | 2 3 |  3.0
Dodging        | |  2.1
Spellcasting   | |  2.0

Action                   |  1- 3 |  4- 6 |  7- 9 || total
-------------------------+-------+-------+-------++-------
Melee: Unarmed           |    82 |   156 |   156 ||   394
       Constrict         |    24 |    26 |    14 ||    64
       Tentacles         |    12 |    14 |     7 ||    33
       Kick              |     8 |    10 |       ||    18
       Punch             |     3 |     1 |     2 ||     6
 Cast: Beastly Appendage |    16 |     8 |       ||    24
       Sticks to Snakes  |       |     3 |     2 ||     5
       Spider Form       |       |     6 |     5 ||    11
       Ice Form          |       |       |     4 ||     4
  Use: Scroll            |       |    10 |     5 ||    15
       Potion            |       |       |     1 ||     1
 Stab: Sleeping          |     6 |     6 |     2 ||    14
       Distracted        |     1 |     1 |       ||     2
  Eat: Chunk             |     3 |    10 |     9 ||    22
Armor: Skin              |     8 |    11 |    11 ||    30
Dodge: Dodged            |    51 |   104 |    77 ||   232
